AoeStats
← Cookiemonstah

Fortress

509945046Analyzed
3v3 RM · 2d ago on Sep 28, 2026· 114m 12s· 6 players
Game mode
Random Map
Map size
Large (8 player)
Population
200
Speed
Normal
Resources
Standard
Victory
Conquest
Starting age
Dark Age
Ending age
Imperial Age
RankedLock teamsTeams togetherTeam positionsShared explorationLock speedFull tech treeHidden civsTurbo modeCheats
Victory
Defeat
🇳🇱 Bulgarians · Netherlands
772
+16
🇳🇱 Turks · Netherlands
756
+17
🇳🇱 Franks · Netherlands
746
+17
🇵🇱 Franks · Poland
864
-20
🇵🇱 Vietnamese · Poland
754
-16
🇵🇱 Turks · Poland
708
-14
Cookiemonstah
8:06 Feudal Age
6:25 Loom
13:30 Castle Age
12:32 Double-Bit Axe
12:52 Horse Collar
15:36 Stone Mining
15:40 Gold Mining
16:02 Heavy Plow
17:40 Town Watch
19:39 Bow Saw
21:13 Forging
21:09 Scale Barding Armor
23:27 Wheelbarrow
24:35 Bloodlines
24:18 Fletching
25:04 Iron Casting
25:05 Chain Barding Armor
27:26 Pikeman
28:29 Bodkin Arrow
28:35 Padded Archer Armor
29:00 Elite Skirmisher
32:24 Imperial Age
30:37 Thumb Ring
32:48 Ballistics
32:47 Leather Archer Armor
33:08 Hand Cart
33:16 Bracer
34:00 Town Patrol
33:51 Capped Ram
36:11 Siege Ram
36:48 Elite Konnik
39:29 Masonry
39:43 Murder Holes
40:00 Halberdier
51:17 Plate Barding Armor
51:43 Blast Furnace
50:48 Stirrups
56:44 Scale Mail Armor
62:19 Architecture
62:57 Crop Rotation
62:36 Light Cavalry
63:25 Stirrups
64:26 Squires
63:52 Hussar
65:30 Chain Mail Armor
97:57 Onager
107:58 Siege Onager
MTT1996
8:02 Feudal Age
9:03 Double-Bit Axe
13:30 Castle Age
13:44 Loom
17:36 Squires
17:35 Gold Mining
21:19 Bow Saw
24:44 Imperial Age
22:01 Town Watch
22:52 Wheelbarrow
23:17 Stone Mining
23:47 Caravan
25:22 Herbal Medicine
28:51 Pikeman
31:13 Elite Throwing Axeman
32:45 Town Patrol
34:12 Fletching
34:23 Padded Archer Armor
34:29 Scale Barding Armor
34:24 Scale Mail Armor
34:34 Forging
35:53 Conscription
36:47 Chemistry
35:44 Murder Holes
35:36 Arrowslits
39:25 Hoardings
39:16 Ballistics
39:07 Fortified Wall
39:17 Leather Archer Armor
38:58 Bodkin Arrow
39:24 Chain Barding Armor
39:19 Chain Mail Armor
39:40 Iron Casting
39:58 Chivalry
41:51 Cavalier
42:32 Husbandry
41:54 Light Cavalry
43:13 Plate Barding Armor
43:09 Plate Mail Armor
43:39 Blast Furnace
42:57 Masonry
42:59 Ordonnance Companies
43:35 Paladin
52:01 Gold Shaft Mining
51:58 Halberdier
76:36 Capped Ram
87:58 Cranequins
87:58 Heavy Mounted Crossbowman
87:59 Elite Skirmisher
87:59 Crossbowman
113:46 Arson
Max
2:46 Loom
9:35 Feudal Age
13:30 Castle Age
11:32 Double-Bit Axe
13:22 Horse Collar
14:39 Wheelbarrow
15:49 Fletching
25:04 Hand Cart
29:40 Imperial Age
29:21 Husbandry
29:32 Bloodlines
29:22 Murder Holes
29:48 Ballistics
29:09 Treadmill Crane
29:35 Bodkin Arrow
29:43 Padded Archer Armor
31:02 Cavalier
34:57 Elite Janissary
35:57 Conscription
35:51 Artillery
36:07 Caravan
36:53 Heavy Plow
37:07 Bracer
37:13 Scale Barding Armor
37:24 Leather Archer Armor
37:20 Forging
37:11 Scale Mail Armor
37:05 Sappers
39:56 Bow Saw
39:40 Gold Mining
39:42 Stone Mining
47:55 Hoardings
47:00 Heavy Camel Rider
49:37 Chain Barding Armor
49:33 Chain Mail Armor
49:48 Ring Archer Armor
49:54 Iron Casting
49:44 Squires
49:30 Arson
54:25 Plate Barding Armor
54:21 Plate Mail Armor
54:51 Blast Furnace
Donald Kieł
8:52 Feudal Age
9:33 Gold Mining
9:31 Double-Bit Axe
9:30 Horse Collar
10:39 Wheelbarrow
18:02 Castle Age
16:46 Scale Barding Armor
17:00 Padded Archer Armor
17:08 Fletching
20:04 Bow Saw
20:05 Heavy Plow
21:17 Gold Shaft Mining
28:32 Imperial Age
27:41 Hand Cart
28:34 Ballistics
30:40 Heavy Scorpion
33:11 Loom
35:09 Thumb Ring
35:35 Parthian Tactics
35:49 Conscription
35:55 Sipahi
35:38 Heavy Cavalry Archer
48:01 Fortified Wall
52:27 Bodkin Arrow
53:58 Two-Man Saw
57:56 Bloodlines
57:49 Husbandry
58:45 Bracer
58:56 Forging
58:46 Scale Mail Armor
59:20 Scale Barding Armor
60:35 Caravan
60:11 Heavy Camel Rider
62:38 Iron Casting
62:24 Chain Barding Armor
63:01 Artillery
63:22 Elite Janissary
84:19 Plate Barding Armor
88:12 Blast Furnace
reverend
8:39 Feudal Age
6:57 Loom
11:19 Double-Bit Axe
13:50 Castle Age
13:43 Forging
13:52 Forging
16:51 Wheelbarrow
16:45 Husbandry
17:00 Gold Mining
21:05 Hand Cart
23:09 Iron Casting
22:41 Scale Barding Armor
23:51 Town Watch
25:54 Chain Barding Armor
26:46 Gold Shaft Mining
26:01 Stone Mining
32:10 Imperial Age
30:29 Bow Saw
30:33 Fletching
31:05 Town Patrol
31:40 Bodkin Arrow
33:58 Blast Furnace
33:33 Plate Barding Armor
32:49 Cavalier
34:52 Caravan
34:32 Paladin
54:04 Conscription
53:46 Chivalry
54:23 Hoardings
56:18 Capped Ram
58:05 Chemistry
57:26 Ballistics
62:48 Arrowslits
74:19 Siege Engineers
74:26 Fortified Wall
92:26 Elite Skirmisher
93:15 Padded Archer Armor
93:37 Imperial Skirmisher
95:50 Leather Archer Armor
105:43 Scale Mail Armor
112:21 Guard Tower
Adiko95
1:09 Loom
10:32 Feudal Age
12:34 Wheelbarrow
16:35 Double-Bit Axe
18:52 Stone Mining
18:53 Gold Mining
18:53 Man-at-Arms
19:30 Horse Collar
25:20 Castle Age
26:52 Hand Cart
25:59 Crossbowman
26:04 Elite Skirmisher
27:11 Thumb Ring
27:12 Squires
27:03 Town Watch
27:45 Pikeman
29:37 Long Swordsman
30:03 Arson
30:59 Fortified Wall
30:45 Murder Holes
30:33 Treadmill Crane
32:02 Chatras
32:43 Bow Saw
33:31 Masonry
33:42 Ballistics
35:07 Heated Shot
35:07 Guard Tower
35:29 Careening
42:09 Imperial Age
44:12 Two-Handed Swordsman
44:12 Halberdier
45:02 Arbalester
45:15 Imperial Skirmisher
47:01 Two-Man Saw
46:04 Heavy Plow
47:10 Hoardings
47:09 Sappers
47:59 Paper Money
47:42 Caravan
48:13 Coinage
47:39 Onager
51:02 Chemistry
50:08 Siege Engineers
51:07 Banking
61:27 Elite Rattan Archer
64:01 Keep
64:37 Elite Fire Lancer
64:38 Champion
64:43 Elite Fire Lancer
64:51 Champion
70:01 Champion
70:07 Elite Fire Lancer
70:37 Cavalier
71:18 Husbandry
71:28 Bloodlines
70:39 Light Cavalry
Connection lost

Rejoining the realm…

Still unreachable

The connection could not be restored.

Session expired

The server has moved on; the page needs a fresh start.